 Dungeon Crawl Stone Soup version 0.19.0-2-gae57169 (webtiles) character file.

768 Firebatgyro the Skirmisher (level 7, -11/63 HPs)
             Began as a Centaur Venom Mage on Nov 5, 2016.
             Was an Initiate of Okawaru.
             Mangled by a hill giant
             ... wielding a +0 giant spiked club
              (34 damage)
             ... on level 7 of the Dungeon.
             The game lasted 00:21:41 (6463 turns).

Firebatgyro the Skirmisher (Centaur Venom Mage)     Turns: 6463, Time: 00:21:41

Health: -11/63     AC:  6    Str: 11    XL:     7   Next: 52%
Magic:  1/9        EV: 10    Int: 14    God:    Okawaru [......]
Gold:   331        SH:  0    Dex: 11    Spells: 3 memorised, 0 levels left

rFire  . . .     SeeInvis +     k - +1 spear
rCold  . . .     Gourm    .     a - +1 robe
rNeg   . . .     Faith    .     (no shield)
rPois  .         Spirit   .     (no helmet)
rElec  .         Reflect  .     I - +0 cloak
rCorr  .         Harm     +     (no gloves)
MR     .....                    (no barding)
Stlth  +.........               r - amulet of harm
                                F - ring of wizardry
                                L - ring of see invisible

@: starving, very quick
A: hooves 3, deformed body, speed 2, tough skin 3
a: Renounce Religion


You were on level 7 of the Dungeon.
You worshipped Okawaru.
Okawaru was noncommittal.
You were starving.

You visited 2 branches of the dungeon, and saw 8 of its levels.
You also visited: Sewer.

You collected 331 gold pieces.

Inventory:

Hand Weapons
 e - a +0 short sword
 k - a +1 spear (weapon)
Missiles
 f - 182 stones (quivered)
 o - 101 arrows
Armour
 a - a +1 robe (worn)
 I - a +0 cloak (worn)
Jewellery
 m - an uncursed ring of stealth
 r - an amulet of harm (around neck)
 v - an uncursed amulet of guardian spirit
 B - an uncursed ring of fire
 F - a ring of wizardry (right hand)
 L - a ring of see invisible (left hand)
Wands
 p - a wand of teleportation (2/9)
 u - a wand of lightning (6/15)
 w - a wand of iceblast (7/15)
Scrolls
 h - 2 scrolls of enchant weapon
 l - 3 scrolls of remove curse
 n - 3 scrolls of identify
 y - 3 scrolls of blinking
 E - 2 scrolls of teleportation
Potions
 d - a potion of lignification
 g - 3 potions of might
 j - a potion of resistance {unknown}
 s - a potion of degeneration {unknown}
 t - a potion of brilliance {unknown}
 z - 2 potions of heal wounds {unknown}
 A - a potion of agility {unknown}
 C - a potion of cancellation {unknown}
 D - a potion of berserk rage {unknown}
 G - a potion of mutation {unknown}
 H - a potion of magic {unknown}
 J - a potion of cure mutation {unknown}
 K - a potion of curing {unknown}
Books
 b - a Young Poisoner's Handbook

   Spells                             Type                      Level
   a - Sting                          Conjuration/Poison           1
   b - Mephitic Cloud                 Conjuration/Poison/Air       3
   c - Olgreb's Toxic Radiance        Poison                       4
   d - Alistair's Intoxication        Transmutation/Poison         5
   e - Venom Bolt                     Conjuration/Poison           5
 x - a book of Callings

   Spells                             Type                      Level
   a - Summon Small Mammal            Summoning                    1
   b - Call Imp                       Summoning                    2
   c - Call Canine Familiar           Summoning                    3
   d - Summon Guardian Golem          Hexes/Summoning              3
   e - Summon Lightning Spire         Summoning/Air                4
   f - Summon Ice Beast               Ice/Summoning                4
Comestibles
 c - 4 bread rations
 i - 3 meat rations
 q - 3 royal jellies


   Skills:
 + Level 6.0 Fighting
 + Level 2.7 Dodging
 - Level 1.1 Stealth
 - Level 1.5 Spellcasting
 - Level 5.1 Poison Magic


You couldn't memorise any spells.
You knew the following spells:

 Your Spells              Type           Power        Failure   Level  Hunger
a - Sting                 Conj/Pois      #...         4%          1    ##.....
b - Mephitic Cloud        Conj/Pois/Air  #.......     16%         3    ####...
c - Venom Bolt            Conj/Pois      #.........   93%         5    ######.


Dungeon Overview and Level Annotations

Branches:
Dungeon (7/15)             Temple (1/1) D:4

Altars:
Ashenzari
Dithmenos
Elyvilon
Fedhas
Hepliaklqana
Kikubaaqudgha
Makhleb
Nemelex Xobeh
Okawaru
Qazlal
Ru
Sif Muna
Uskayaw
Xom
Yredelemnul
Zin
The Shining One

Shops:
D:7 %

Annotations:
D:5 willcat's ghost, amateur CeVM


Innate Abilities, Weirdness & Mutations

You have hooves in place of feet.
Armour fits poorly on your strangely shaped body.
You cover ground very quickly.
You have extremely tough skin. (AC +3)


Message History

Okay, then.
Casting: Sting
Confirm with . or Enter, or press ? or * to list all spells.
Aiming: Sting
Press: ? - help, Shift-Dir - straight line, f/p - hill giant
Aim: a hill giant, wielding a giant spiked club (severely wounded)
The sting misses the hill giant.
You are starving!
You hear the brisk hiss of a distant avalanche of sand.
You start eating one of the 3 royal jellies.
Keep eating? [Y]es or [N]o only, please.
Keep eating?
You continue eating.
The hill giant hits you with a giant spiked club!!
Ouch! That really hurt!
You continue eating.
The hill giant hits you with a giant spiked club!!
Ouch! That really hurt!
You die...

#..C..# ##.#.#####.....#.####.
... ..# ##.## ##...##.# #. #..
..# #..# ######'## #. # #!# #.#
##.# ##...###. #.#.# #.# #.###
##.....##∩ #...###.# #.#.##
##.........
##.......######....####..........
......................'..........
##...##########.@..####.........#
##..# #C#.## ##........# ##.#
####.##### ##.....#.# #..
#........######...##.# ##.
#.##>........###+###..
#.##.....###.# #.# ###
#.###.##.###.# #.#
#.###.......<###.##
#........######...##


You could see a hill giant.

Vanquished Creatures
  Purgy (Sewer)
  2 ogres (D:4)
  A howler monkey (D:4)
  2 crimson imps (D:5)
  A bullfrog zombie (D:6)
  A jelly (D:5)
  An iguana (D:6)
  Terence (D:3)
  4 worker ants
  A worker ant zombie (D:5)
  4 gnolls (D:5)
  A river rat (D:4)
  3 adders
  An ooze (D:3)
  An adder zombie (D:6)
  A worm (D:2)
  An adder skeleton (D:7)
  2 dart slugs
  2 leopard geckos (D:1)
  5 orcs
  12 bats
  6 giant cockroaches
  5 hobgoblins
  8 jackals (D:6)
  3 quokkas
  3 frilled lizards
  7 goblins
  6 kobolds
  A leopard gecko zombie (D:4)
  A quokka skeleton (D:5)
  4 rats
92 creatures vanquished.

Notes
Turn   | Place    | Note
-------+----------+-------------------------------------------
     0 | D:1      | Firebatgyro the Centaur Venom Mage began the quest for the Orb.
     0 | D:1      | Reached XP level 1. HP: 14/14 MP: 3/3
   283 | D:1      | Reached skill level 1 in Fighting
   384 | D:1      | Reached XP level 2. HP: 23/23 MP: 1/4
   845 | D:2      | Reached skill level 2 in Fighting
   976 | D:2      | Reached XP level 3. HP: 21/29 MP: 0/5
  1071 | D:2      | Learned a level 3 spell: Mephitic Cloud
  1089 | D:2      | Found a sacrificial altar of Ru.
  1763 | D:3      | Reached XP level 4. HP: 35/37 MP: 2/6
  1808 | D:3      | Noticed Terence
  1915 | D:3      | Killed Terence
  1915 | D:3      | Reached skill level 3 in Fighting
  2626 | D:4      | Found a staircase to the Ecumenical Temple.
  2637 | Temple   | Entered the Ecumenical Temple
  2745 | D:4      | Noticed an ogre
  2807 | D:4      | Killed an ogre
  2807 | D:4      | Reached XP level 5. HP: 35/46 MP: 1/7
  2875 | D:4      | Noticed an ogre
  2932 | D:4      | Killed an ogre
  2932 | D:4      | Reached skill level 4 in Fighting
  2932 | D:4      | Reached XP level 6. HP: 42/52 MP: 0/8
  3171 | D:4      | Found a glowing golden altar of the Shining One.
  3171 | D:4      | Found a shadowy altar of Dithmenos.
  3172 | D:4      | Found a stormy altar of Qazlal.
  3257 | D:4      | Found a glowing drain.
  3325 | Sewer    | Entered a sewer
  3374 | Sewer    | Noticed Purgy
  3487 | Sewer    | Killed Purgy
  3487 | Sewer    | Reached skill level 5 in Poison Magic
  3736 | D:5      | Entered Level 5 of the Dungeon
  3845 | D:5      | Reached skill level 5 in Fighting
  4165 | D:5      | Reached XP level 7. HP: 36/61 MP: 6/9
  4323 | D:5      | Found a deep blue altar of Sif Muna.
  4331 | D:5      | Noticed willcat's ghost (amateur CeVM)
  4438 | D:4      | HP: 4/91 [poisoned by willcat's ghost (sting)]
  4443 | D:4      | HP: 4/91 [poisoned by willcat's ghost (sting)]
  4450 | D:4      | HP: 3/91 [poisoned by willcat's ghost (sting)]
  4458 | D:4      | HP: 3/91 [poisoned by willcat's ghost (sting)]
  4809 | D:5      | Found an iron altar of Okawaru.
  4817 | D:5      | Became a worshipper of Warmaster Okawaru
  5934 | D:7      | Found Gouqec's Food Shop.
  5951 | D:7      | Reached skill level 6 in Fighting
  6191 | D:7      | Found a shattered altar of Ashenzari.
  6238 | D:7      | Learned a level 5 spell: Venom Bolt
  6242 | D:7      | Found a white marble altar of Elyvilon.
  6321 | D:7      | Noticed a hill giant
  6463 | D:7      | Mangled by a hill giant

Skill      XL: |  1  2  3  4  5  6  7 |
---------------+----------------------+-----
Fighting       | 1 2 3 4 5 6 |  6.0
Poison Magic   | 4 5 |  5.1
Dodging        | 2 |  2.7
Stealth        | |  1.1
Spellcasting   | |  1.5

Action                   |  1- 3 |  4- 6 |  7- 9 || total
-------------------------+-------+-------+-------++-------
Melee: Short sword       |     4 |       |       ||     4
       Spear             |    88 |   194 |   118 ||   400
       Kick              |     7 |    25 |    16 ||    48
 Cast: Sting             |    37 |    49 |    61 ||   147
Evoke: Wand              |       |     2 |       ||     2
  Use: Scroll            |       |    11 |       ||    11
       Potion            |       |       |     1 ||     1
 Stab: Sleeping          |       |       |     2 ||     2
       Distracted        |       |       |     1 ||     1
  Eat: Chunk             |     1 |     5 |     6 ||    12
       Beef jerky        |     1 |       |       ||     1
       Pizza             |       |     1 |     1 ||     2
Armor: Robe              |    32 |    41 |    54 ||   127
Dodge: Dodged            |    39 |    64 |    74 ||   177
